TOP OF THE 1ST |
Oliver Ames HS Tigers batting - Pitching for Temiskaming District Secondary School Saints : RHP Zander Miner
|
Pitching: RHP Zander Miner
|
|
Batting: LHB William Moody
|
0-0: Called Strike 0-1: Swinging Strike 0-2: Ball 1-2: Strikes out looking
|
Batting: RHB Marcos Llevanos
|
0-0: Ball 1-0: Called Strike 1-1: Called Strike 1-2: Ball 2-2: Foul Ball, location: 2F 2-2: Foul Ball, location: 2F 2-2: Foul Ball, location: 2F 2-2: Ball 3-2: Foul Ball, location: 2F 3-2: Ground out 5-3 (Groundball, 56S)
|
Batting: RHB Will Hernández
|
0-0: Called Strike 0-1: Swinging Strike 0-2: SINGLE (Line Drive, 78S)
|
Batting: LHB Manny Martínez
|
0-0: Called Strike 0-1: Ball 1-1: Ball 2-1: Ball 3-1: Foul Ball, location: 2F 3-2: Strikes out swinging
|
Top of the 1st over - 0 runs, 1 hit, 0 errors, 1 left on base; Oliver Ames HS 0 - Temiskaming District Secondary School 0 |
BOTTOM OF THE 1ST |
Temiskaming District Secondary School Saints batting - Pitching for Oliver Ames HS Tigers : RHP Ed Palmer
|
Pitching: RHP Ed Palmer
|
|
Batting: RHB Dave Jones
|
0-0: Ball 1-0: Foul Ball, location: 2F 1-1: Ball 2-1: Ball 3-1: Base on Balls
|
Batting: RHB Jim Prince
|
0-0: Ball 1-0: Ball 2-0: Called Strike 2-1: Foul Ball, location: 2F 2-2: Ground out 6-3 (Groundball, 6S) Dave Jones to second
|
Batting: RHB Hilton Knowles
|
0-0: Ball 1-0: Swinging Strike 1-1: Ball 2-1: Foul Ball, location: 2F 2-2: Fly out, F9 (Flyball, 9)
|
Batting: RHB Ramón Cabrera
|
0-0: Foul Ball, location: 2F 0-1: Ball 1-1: Foul Ball, location: 2F 1-2: Ball 2-2: Foul Ball, location: 2F 2-2: Foul Ball, location: 2F 2-2: Foul Ball, location: 2F 2-2: Strikes out looking
|
Bottom of the 1st over - 0 runs, 0 hits, 0 errors, 1 left on base; Oliver Ames HS 0 - Temiskaming District Secondary School 0 |
TOP OF THE 2ND |
Oliver Ames HS Tigers batting - Pitching for Temiskaming District Secondary School Saints : RHP Zander Miner
|
Batting: RHB Tom Richter
|
0-0: Foul Ball, location: 2F 0-1: Called Strike 0-2: Ball 1-2: Ball 2-2: Ball 3-2: Foul Ball, location: 2F 3-2: Ground out 6-3 (Groundball, 6)
|
Batting: RHB Tony Pope
|
0-0: Called Strike 0-1: Swinging Strike 0-2: Strikes out swinging
|
Batting: SHB Jorge Árias
|
0-0: Called Strike 0-1: Swinging Strike 0-2: Ball 1-2: Ball 2-2: Strikes out swinging
|
Top of the 2nd over - 0 runs, 0 hits, 0 errors, 0 left on base; Oliver Ames HS 0 - Temiskaming District Secondary School 0 |
BOTTOM OF THE 2ND |
Temiskaming District Secondary School Saints batting - Pitching for Oliver Ames HS Tigers : RHP Ed Palmer
|
Batting: LHB Juan Esparza
|
0-0: Ball 1-0: Called Strike 1-1: Ball 2-1: Ball 3-1: Called Strike 3-2: Strikes out swinging
|
Batting: LHB Carson Dickinson
|
0-0: Ball 1-0: Ball 2-0: Ball 3-0: Base on Balls
|
Batting: RHB Scott Roberts
|
0-0: Called Strike 0-1: Ball 1-1: Ball 2-1: Foul Ball, location: 2F 2-2: Foul Ball, location: 2F 2-2: Ball 3-2: Foul Ball, location: 2F 3-2: Base on Balls Carson Dickinson to second
|
Batting: RHB Glenn Hansen
|
0-0: Fly out, F7 (Flyball, 7S)
|
Now in LF: Culley Turner
|
|
Batting: RHB Emílio Gómez
|
0-0: Called Strike 0-1: Ball 1-1: Called Strike 1-2: Strikes out swinging
|
Bottom of the 2nd over - 0 runs, 0 hits, 0 errors, 2 left on base; Oliver Ames HS 0 - Temiskaming District Secondary School 0 |
TOP OF THE 3RD |
Oliver Ames HS Tigers batting - Pitching for Temiskaming District Secondary School Saints : RHP Zander Miner
|
Batting: RHB Michael Lee
|
0-0: Foul Ball, location: 2F 0-1: Ball 1-1: Swinging Strike 1-2: Ball 2-2: Ball 3-2: Base on Balls
|
Batting: RHB Culley Turner
|
0-0: Ball 1-0: Ball 2-0: Ball 3-0: Base on Balls Michael Lee to second
|
Batting: LHB William Moody
|
0-0: Ball 1-0: Ball 2-0: Ball 3-0: Foul Ball, location: 2F 3-1: Base on Balls Michael Lee to third Culley Turner to second
|
Batting: RHB Marcos Llevanos
|
0-0: Foul Ball, location: 2F 0-1: Swinging Strike 0-2: Foul Ball, location: 2F 0-2: Strikes out swinging
|
Batting: RHB Will Hernández
|
0-0: Ball 1-0: Foul Ball, location: 2F 1-1: Fly out, F7 (Flyball, 7) Runner from 3rd tags up, SCORES, throw made
|
Batting: LHB Manny Martínez
|
0-0: Ball 1-0: Called Strike 1-1: Swinging Strike 1-2: Strikes out swinging
|
Top of the 3rd over - 1 run, 0 hits, 0 errors, 2 left on base; Oliver Ames HS 1 - Temiskaming District Secondary School 0 |
BOTTOM OF THE 3RD |
Temiskaming District Secondary School Saints batting - Pitching for Oliver Ames HS Tigers : RHP Ed Palmer
|
Batting: RHB Dave Jones
|
0-0: Called Strike 0-1: Ball 1-1: Ball 2-1: Swinging Strike 2-2: Foul Ball, location: 2F 2-2: Fly out, F7 (Flyball, 7D)
|
Batting: RHB Jim Prince
|
0-0: Called Strike 0-1: Swinging Strike 0-2: Ball 1-2: Ball 2-2: TRIPLE (Line Drive, 8LXD)
|
Batting: RHB Hilton Knowles
|
0-0: Ball 1-0: Called Strike 1-1: Ball 2-1: Ball 3-1: Base on Balls
|
Batting: RHB Ramón Cabrera
|
0-0: Ball 1-0: Foul Ball, location: 2F 1-1: Grounds into double play, 4-6-3 (Groundball, 4)
|
Bottom of the 3rd over - 0 runs, 1 hit, 0 errors, 1 left on base; Oliver Ames HS 1 - Temiskaming District Secondary School 0 |
TOP OF THE 4TH |
Oliver Ames HS Tigers batting - Pitching for Temiskaming District Secondary School Saints : RHP Zander Miner
|
Batting: RHB Tom Richter
|
0-0: Ball 1-0: Ground out 3-1 (Groundball, 34S)
|
Batting: RHB Tony Pope
|
0-0: Called Strike 0-1: Ball 1-1: Foul Ball, location: 2F 1-2: Fly out, F8 (Flyball, 8RD)
|
Batting: SHB Jorge Árias
|
0-0: Ball 1-0: Ball 2-0: Ball 3-0: Base on Balls
|
Batting: RHB Michael Lee
|
0-0: Called Strike 0-1: Ball 1-1: Ball 2-1: Ball 3-1: Base on Balls Jorge Árias to second
|
Batting: RHB Culley Turner
|
0-0: Called Strike 0-1: SINGLE (Line Drive, 56) Jorge Árias to third Michael Lee to second Runner from 3rd tries for Home, SAFE, no throw
|
Pitching: RHP Nelson López
|
|
Batting: LHB William Moody
|
0-0: Fly out, F7 (Flyball, 78M)
|
Top of the 4th over - 1 run, 1 hit, 0 errors, 2 left on base; Oliver Ames HS 2 - Temiskaming District Secondary School 0 |
BOTTOM OF THE 4TH |
Temiskaming District Secondary School Saints batting - Pitching for Oliver Ames HS Tigers : RHP Ed Palmer
|
Batting: LHB Juan Esparza
|
0-0: Called Strike 0-1: Fly out, F4 (Popup, 4S)
|
Batting: LHB Carson Dickinson
|
0-0: Ball 1-0: Called Strike 1-1: Called Strike 1-2: Ground out U3 (Groundball, 3)
|
Batting: RHB Scott Roberts
|
0-0: Swinging Strike 0-1: Ball 1-1: Foul Ball, location: 2F 1-2: Strikes out looking
|
Bottom of the 4th over - 0 runs, 0 hits, 0 errors, 0 left on base; Oliver Ames HS 2 - Temiskaming District Secondary School 0 |
TOP OF THE 5TH |
Oliver Ames HS Tigers batting - Pitching for Temiskaming District Secondary School Saints : RHP Nelson López
|
Batting: RHB Marcos Llevanos
|
0-0: Ball 1-0: Ball 2-0: Ball 3-0: Base on Balls
|
Batting: RHB Will Hernández
|
0-0: Called Strike 0-1: Foul Ball, location: 2F 0-2: Ground out 5-3 (Groundball, 5S) Marcos Llevanos to second
|
Batting: LHB Manny Martínez
|
0-0: Intentional Walk
|
Batting: RHB Tom Richter
|
0-0: Called Strike 0-1: Foul Ball, location: 2F 0-2: Ball 1-2: Strikes out swinging
|
Batting: RHB Tony Pope
|
0-0: Called Strike 0-1: Foul Ball, location: 2F 0-2: Ball 1-2: Strikes out looking
|
Top of the 5th over - 0 runs, 0 hits, 0 errors, 2 left on base; Oliver Ames HS 2 - Temiskaming District Secondary School 0 |
BOTTOM OF THE 5TH |
Temiskaming District Secondary School Saints batting - Pitching for Oliver Ames HS Tigers : RHP Ed Palmer
|
Batting: RHB Glenn Hansen
|
0-0: Ball 1-0: Called Strike 1-1: Swinging Strike 1-2: Foul Ball, location: 2F 1-2: Strikes out swinging
|
Pitching: RHP Jean-Michel Beaulieu
|
|
Batting: RHB Emílio Gómez
|
0-0: Ball 1-0: SINGLE (Flyball, 5D)
|
Batting: RHB Dave Jones
|
0-0: Called Strike 0-1: Foul Ball, location: 2F 0-2: Foul Ball, location: 2F 0-2: Ball 1-2: Ground out 6-3 (Groundball, 6S) Emílio Gómez to second
|
Batting: RHB Jim Prince
|
0-0: Ball 1-0: Called Strike 1-1: Foul Ball, location: 2F 1-2: Ground out 3-1 (Groundball, 34)
|
Bottom of the 5th over - 0 runs, 1 hit, 0 errors, 1 left on base; Oliver Ames HS 2 - Temiskaming District Secondary School 0 |
TOP OF THE 6TH |
Oliver Ames HS Tigers batting - Pitching for Temiskaming District Secondary School Saints : RHP Nelson López
|
Batting: SHB Jorge Árias
|
0-0: Called Strike 0-1: Foul Ball, location: 2F 0-2: Foul Ball, location: 2F 0-2: Fly out, F9 (Flyball, 9S)
|
Batting: RHB Michael Lee
|
0-0: Ball 1-0: Ball 2-0: Foul Ball, location: 2F 2-1: Swinging Strike 2-2: Foul Ball, location: 2F 2-2: SINGLE (Groundball, 4MD)
|
Batting: RHB Culley Turner
|
0-0: Ball 1-0: Ball 2-0: Ball 3-0: Base on Balls Michael Lee to second
|
Batting: LHB William Moody
|
0-0: Called Strike 0-1: Ball 1-1: Swinging Strike 1-2: Ball 2-2: Strikes out looking
|
Batting: RHB Marcos Llevanos
|
0-0: Ball 1-0: Ball 2-0: Called Strike 2-1: Fly out, F2 (Popup, 2RF)
|
Top of the 6th over - 0 runs, 1 hit, 0 errors, 2 left on base; Oliver Ames HS 2 - Temiskaming District Secondary School 0 |
BOTTOM OF THE 6TH |
Temiskaming District Secondary School Saints batting - Pitching for Oliver Ames HS Tigers : RHP Jean-Michel Beaulieu
|
Batting: RHB Hilton Knowles
|
0-0: Ball 1-0: Swinging Strike 1-1: Called Strike 1-2: Ball 2-2: Strikes out swinging
|
Batting: RHB Ramón Cabrera
|
0-0: Swinging Strike 0-1: Ball 1-1: Ball 2-1: Swinging Strike 2-2: Ball 3-2: Foul Ball, location: 2F 3-2: Fly out, F3 (Line Drive, 3)
|
Batting: LHB Juan Esparza
|
0-0: Called Strike 0-1: Called Strike 0-2: Ball 1-2: Foul Ball, location: 2F 1-2: Fly out, F8 (Line Drive, 8RD)
|
Bottom of the 6th over - 0 runs, 0 hits, 0 errors, 0 left on base; Oliver Ames HS 2 - Temiskaming District Secondary School 0 |
TOP OF THE 7TH |
Oliver Ames HS Tigers batting - Pitching for Temiskaming District Secondary School Saints : RHP Nelson López
|
Batting: RHB Will Hernández
|
0-0: Ball 1-0: Ball 2-0: Called Strike 2-1: Ball 3-1: Foul Ball, location: 2F 3-2: Strikes out swinging
|
Pitching: LHP Jaime Meléndez
|
|
Batting: LHB Manny Martínez
|
0-0: Called Strike 0-1: Ball 1-1: Foul Ball, location: 2F 1-2: DOUBLE (Line Drive, 89XD)
|
Batting: RHB Tom Richter
|
0-0: Intentional Walk
|
Pitching: RHP Denis Hudson
|
|
Batting: RHB Tony Pope
|
0-0: Called Strike 0-1: Ball 1-1: Ball 2-1: Called Strike 2-2: Strikes out swinging
|
Batting: SHB Jorge Árias
|
0-0: Swinging Strike 0-1: Swinging Strike 0-2: Strikes out looking
|
Top of the 7th over - 0 runs, 1 hit, 0 errors, 2 left on base; Oliver Ames HS 2 - Temiskaming District Secondary School 0 |
BOTTOM OF THE 7TH |
Temiskaming District Secondary School Saints batting - Pitching for Oliver Ames HS Tigers : RHP Jean-Michel Beaulieu
|
Batting: LHB Carson Dickinson
|
0-0: Ball 1-0: Swinging Strike 1-1: Ball 2-1: Ball 3-1: Called Strike 3-2: Strikes out swinging
|
Batting: RHB Scott Roberts
|
0-0: Fly out, F6 (Popup, 6M)
|
Batting: RHB Glenn Hansen
|
0-0: Called Strike 0-1: Ball 1-1: Foul Ball, location: 2F 1-2: Strikes out looking
|
Bottom of the 7th over - 0 runs, 0 hits, 0 errors, 0 left on base; Oliver Ames HS 2 - Temiskaming District Secondary School 0 |
TOP OF THE 8TH |
Oliver Ames HS Tigers batting - Pitching for Temiskaming District Secondary School Saints : RHP Denis Hudson
|
Batting: RHB Michael Lee
|
0-0: Ball 1-0: Foul Ball, location: 2F 1-1: Swinging Strike 1-2: Strikes out swinging
|
Batting: RHB Culley Turner
|
0-0: Called Strike 0-1: Ball 1-1: Called Strike 1-2: Foul Ball, location: 2F 1-2: Ball 2-2: Ground out 5-3 (Groundball, 5L)
|
Batting: LHB William Moody
|
0-0: Swinging Strike 0-1: Foul Ball, location: 2F 0-2: Strikes out swinging
|
Top of the 8th over - 0 runs, 0 hits, 0 errors, 0 left on base; Oliver Ames HS 2 - Temiskaming District Secondary School 0 |
BOTTOM OF THE 8TH |
Temiskaming District Secondary School Saints batting - Pitching for Oliver Ames HS Tigers : RHP Jean-Michel Beaulieu
|
Batting: RHB Emílio Gómez
|
0-0: Ball 1-0: Called Strike 1-1: Ground out 3-1 (Groundball, 34)
|
Batting: RHB Dave Jones
|
0-0: Ball 1-0: Fly out, F8 (Flyball, 8RM)
|
Batting: RHB Jim Prince
|
0-0: Called Strike 0-1: Swinging Strike 0-2: Ball 1-2: Foul Ball, location: 2F 1-2: Foul Ball, location: 2F 1-2: Strikes out swinging
|
Bottom of the 8th over - 0 runs, 0 hits, 0 errors, 0 left on base; Oliver Ames HS 2 - Temiskaming District Secondary School 0 |
TOP OF THE 9TH |
Oliver Ames HS Tigers batting - Pitching for Temiskaming District Secondary School Saints : RHP Denis Hudson
|
Pitching: LHP Eddie Taylor
|
|
Batting: RHB Marcos Llevanos
|
0-0: Swinging Strike 0-1: Ball 1-1: Foul Ball, location: 2F 1-2: SINGLE (Groundball, 56S) (infield hit)
|
Batting: RHB Will Hernández
|
0-0: Ball 1-0: Called Strike 1-1: Called Strike 1-2: Strikes out looking
|
Batting: LHB Manny Martínez
|
0-0: Ball Marcos Llevanos is caught stealing 2nd base 1-0: Ball 2-0: Called Strike 2-1: Foul Ball, location: 2F 2-2: Ball 3-2: Ground out 4-3 (Groundball, 34D)
|
Top of the 9th over - 0 runs, 1 hit, 0 errors, 0 left on base; Oliver Ames HS 2 - Temiskaming District Secondary School 0 |
BOTTOM OF THE 9TH |
Temiskaming District Secondary School Saints batting - Pitching for Oliver Ames HS Tigers : RHP Jean-Michel Beaulieu
|
Pitching: LHP Chase Walker
|
|
Batting: RHB Hilton Knowles
|
0-0: Swinging Strike 0-1: Ball 1-1: SOLO HOME RUN (Flyball, 7LD), Distance : 338 ft
|
Batting: RHB Ramón Cabrera
|
0-0: Swinging Strike 0-1: Ball 1-1: Foul Ball, location: 2F 1-2: Ball 2-2: SINGLE (Flyball, 8LM)
|
Pinch Hitting: RHB Roland Simmons
|
0-0: Ball 1-0: Ball 2-0: Ball 3-0: Called Strike 3-1: Called Strike 3-2: Foul Ball, location: 2F 3-2: Base on Balls Ramón Cabrera to second
|
Batting: LHB Carson Dickinson
|
0-0: Ball 1-0: Ball 2-0: Swinging Strike 2-1: Swinging Strike 2-2: Strikes out swinging
|
Batting: RHB Scott Roberts
|
0-0: Ball 1-0: Ball 2-0: Called Strike 2-1: Foul Ball, location: 2F 2-2: Foul Ball, location: 2F 2-2: DOUBLE (Line Drive, 89D) Ramón Cabrera scores Roland Simmons to third Runner from 3rd tries for Home, SAFE, no throw
|
Saturday, April 7th, 2018 - OOTP Baseball 18.8 Build 76
|
|